 Dungeon Crawl Stone Soup version 0.28-a0-1074-g3cb2360906 (webtiles) character file.

Game seed: 12201208654604091650

10898 CheeseeCupcake the Basher (level 11, -6/67 HPs)
             Began as a Gargoyle Berserker on Dec 9, 2021.
             Was a High Priest of Trog.
             Mangled by a two-headed ogre (21 damage)
             ... on level 9 of the Dungeon.
             The game lasted 00:58:00 (9449 turns).

CheeseeCupcake the Basher (Gargoyle Berserker)      Turns: 9449, Time: 00:58:00

Health: -6/67      AC: 26    Str: 29    XL:     11   Next: 69%
Magic:  11/11      EV:  7    Int:  7    God:    Trog [*****.]
Gold:   946        SH: 10    Dex:  9    Spells: 10/10 levels left

rFire   + . .      SeeInvis .   b - +3 morningstar "Ojaic" {vorpal, Fly}
rCold   + + .      Faith    .   J - +2 kite shield {rC+}
rNeg    + . .      Spirit   .   M - +5 chain mail "Teozeoc" {rElec rF+ rC+ Str+3}
rPois   ∞          Reflect  .   B - +1 hat
rElec   +          Harm     .   (no cloak)
rCorr   .          Rampage  .   i - +0 pair of gloves
Will    .....                   (no boots)
Stlth   ..........              t - amulet of regeneration
HPRegen 1.01/turn               (no ring)
MPRegen 0.12/turn               (no ring)

@: flying
A: sickness immunity, AC +8, negative energy resistance 1, electricity
resistance, torment resistance 1, petrification resistance
a: Renounce Religion, Berserk, Trog's Hand, Brothers in Arms


You were on level 9 of the Dungeon.
You worshipped Trog.
Trog was extremely pleased with you.
You visited 2 branches of the dungeon, and saw 10 of its levels.
You also visited: Sewer.

You collected 979 gold pieces.
You spent 33 gold pieces at shops.

Inventory:

Hand Weapons
 a - a +2 whip of electrocution
 b - the +3 morningstar "Ojaic" (weapon) {vorpal, Fly}
   (You took it off an efreet on level 7 of the Dungeon)

   It inflicts extra damage upon your enemies.
   Fly:       It grants you flight.
 u - a +1 hand axe of flaming
Missiles
 h - 68 poisoned darts (quivered)
 H - 8 atropa-tipped darts
Armour
 i - a +0 pair of gloves (worn)
 y - a +3 ring mail of fire resistance
 B - a +1 hat (worn)
 J - a +2 kite shield of cold resistance (worn)
 M - the +5 chain mail "Teozeoc" (worn) {rElec rF+ rC+ Str+3}
   (You took it off an orc warrior on level 7 of the Dungeon)

   Str:       It affects your strength (+3).
   rF:        It protects you from fire.
   rC:        It protects you from cold.
   rElec:     It insulates you from electricity.
Jewellery
 t - an amulet of regeneration (around neck)
Wands
 l - a wand of flame (36)
 I - a wand of digging (5)
Scrolls
 c - 6 scrolls of teleportation
 d - 3 scrolls of torment {unknown}
 g - 2 scrolls of fog
 k - a scroll of enchant weapon
 m - 6 scrolls of identify
 p - a scroll of summoning
 r - 2 scrolls of enchant armour
 x - 2 scrolls of holy word {unknown}
 D - a scroll of fear {unknown}
 E - a scroll of vulnerability {unknown}
 L - a scroll of immolation {unknown}
Potions
 e - a potion of resistance
 f - a potion of magic
 j - a potion of curing
 n - 2 potions of mutation
 o - a potion of haste {unknown}
 q - a potion of invisibility {unknown}
 s - 2 potions of might {unknown}
 v - 4 potions of brilliance {unknown}
 w - 3 potions of heal wounds
 z - 3 potions of flight
Miscellaneous
 K - a condenser vane


   Skills:
 + Level 7.3 Fighting
 - Level 8.7(10.9) Axes
 * Level 11.3(12.7) Maces & Flails
 + Level 8.8 Armour
 - Level 1.6 Dodging
 - Level 1.1 Stealth
 * Level 5.7 Shields


You had 10 spell levels left.
You didn't know any spells.
Your spell library was empty.

Dungeon Overview and Level Annotations

Branches:
Dungeon (9/15)             Temple (1/1) D:7           Sewer (visited)
   Lair: D:8-11         Orc: D:9-12

Altars:
Ashenzari
Cheibriados
Dithmenos
Elyvilon
Fedhas
Gozag
Hepliaklqana
Kikubaaqudgha
Makhleb
Nemelex Xobeh
Okawaru
Qazlal
Ru
Sif Muna
Trog
Uskayaw
Vehumet
Wu Jian
Xom
Yredelemnul
Zin
The Shining One
Beogh

Shops:
D:3 *   D:5 =   D:6 *   D:7 *(   D:8 [(


Innate Abilities, Weirdness & Mutations

You are immune to sickness and miasma.
Your stone body is resilient. (AC +8)
You are immune to poison.
You resist negative energy. (rN+)
You are resistant to electric shocks. (rElec)
You are resistant to unholy torment.
You are immune to petrification.


Message History

The water moccasin is almost dead.
The water moccasin barely misses you. You block the water moccasin's attack.
You hit the water moccasin.
You kill the water moccasin!
Trog accepts your kill.
Things that are here:
a +3 dagger; a +0 robe
h - 68 poisoned darts (gained 5)
Things that are here:
a +0 dagger; a +0 spear; a +0 robe
Things that are here:
a +0 short sword; 3 stones
Things that are here:
a +0 whip; 5 stones HP restored.
Things that are here:
a +0 dagger; a +0 spear; a +0 robe A two-headed ogre opens the door.
It is wielding a +0 giant spiked club and a +0 giant club.
There is an open door here.
The two-headed ogre shouts in stereo!
You hit the two-headed ogre.
The two-headed ogre is lightly wounded.
The two-headed ogre hits you with a +0 giant spiked club!!
The two-headed ogre hits you with a +0 giant club!
You hit the two-headed ogre.
The two-headed ogre is lightly wounded.
You block the two-headed ogre's attack.
The two-headed ogre hits you but does no damage.
You hit the two-headed ogre.
The two-headed ogre is moderately wounded.
The two-headed ogre hits you but does no damage. x2
You puncture the two-headed ogre!
The two-headed ogre is heavily wounded.
You impale the two-headed ogre!!
The two-headed ogre is almost dead.
The two-headed ogre hits you with a +0 giant spiked club!
The two-headed ogre hits you with a +0 giant club!!
* * * LOW HITPOINT WARNING * * *
The two-headed ogre hits you with a +0 giant spiked club!!
You die...

# .### ..#
#########'##
#..........#
+.........O#
#........@.#
#.)>..<†...+
.
#..........#
.y
#########'##


yz. ###)).# .... #..)#)## ..... #..######.###)†####...#..
......................... .8≈≈≈≈≈≈≈≈≈≈≈≈≈≈≈≈≈≈≈≈≈≈≈ You could see a two-headed
ogre.

Vanquished Creatures
  A boulder beetle (D:7)
  A catoblepas (D:7)
  Erica (D:7)
  A tengu warrior (D:8)
  The ghost of Biba1Bloba the Cudgeller, a novice DDBe of Trog (D:7)
  Pikel (D:5)
  A manticore (D:8)
  2 ugly things (D:8)
  An efreet (D:7)
  Prince Ribbit (D:6)
  A slime creature (D:7)
  Sigmund (D:5)
  4 yaks (D:8)
  The ghost of Vivir the Covered, an amateur MiFi (D:3)
  Eustachio (D:5)
  5 vampire mosquitoes
  2 steam dragons
  An acid dragon (D:8)
  Edmund (D:5)
  3 water moccasins
  3 orc warriors (D:7)
  5 ice beasts
  Pargi (Sewer)
  3 centaurs
  5 ogres
  3 kobold brigands
  2 scorpions
  A gnoll sergeant (D:8)
  A water moccasin zombie (D:6)
  2 wyvern skeletons
  A water moccasin skeleton (D:5)
  12 wights
  A howler monkey (D:8)
  A centaur zombie (D:9)
  2 hounds
  A bullfrog skeleton (D:5)
  2 jellies
  6 orc priests
  2 iguanas
  Jessica (D:3)
  8 orc wizards
  A killer bee zombie (D:7)
  A hound skeleton (D:3)
  A howler monkey zombie (D:3)
  Robin (D:3)
  7 gnolls
  A river rat (D:3)
  4 adders
  12 worms
  2 dart slugs (D:2)
  25 orcs
  8 ball pythons
  10 endoplasms
  2 giant cockroaches
  16 goblins
  7 hobgoblins
  6 jackals (D:2)
  5 quokkas
  5 bats
  7 frilled lizards
  14 kobolds
  7 rats
236 creatures vanquished.

Vanquished Creatures (others)
  An orc wizard (D:8)
  A gnoll (D:8)
  2 orcs
  2 kobolds (D:9)
6 creatures vanquished.

Grand Total: 242 creatures vanquished

Notes
Turn   | Place    | Note
-------+----------+-------------------------------------------
     0 | D:1      | CheeseeCupcake the Gargoyle Berserker began the quest for
                  | the Orb.
     0 | D:1      | Reached XP level 1. HP: 14/14 MP: 1/1
   299 | D:1      | Reached XP level 2. HP: 19/19 MP: 2/2
   852 | D:1      | Reached XP level 3. HP: 18/23 MP: 3/3
  1594 | D:2      | Found a stormy altar of Qazlal.
  1996 | D:2      | Reached ** piety under Trog
  2408 | D:2      | Reached XP level 4. HP: 28/28 MP: 4/4
  2760 | D:3      | Noticed Robin
  2810 | D:3      | Killed Robin
  2832 | D:3      | Found Notra's General Store.
  2838 | D:3      | Found a transporter.
  2838 | D:3      | Found a transporter.
  2838 | D:3      | Noticed Vivir's ghost (amateur MiFi)
  2952 | D:3      | Reached XP level 5. HP: 32/32 MP: 5/5
  2989 | D:3      | Found a glowing drain.
  2997 | D:3      | Reached skill level 5 in Axes
  3017 | Sewer    | Entered a sewer
  3052 | Sewer    | Reached *** piety under Trog
  3058 | Sewer    | Noticed Pargi
  3064 | Sewer    | Killed Pargi
  3065 | Sewer    | Reached XP level 6. HP: 37/37 MP: 6/6
  3386 | D:3      | Noticed Jessica
  3391 | D:3      | Killed Jessica
  4134 | D:5      | Entered Level 5 of the Dungeon
  4134 | D:5      | Found Goerhupn's Jewellery Shop.
  4603 | D:5      | Noticed Sigmund
  4603 | D:5      | Noticed an ice beast
  4669 | D:5      | Reached XP level 7. HP: 31/41 MP: 7/7
  4992 | D:5      | Identified the +2 mace of Amenipar {freeze, Will+}
  5030 | D:5      | Noticed Edmund
  5035 | D:5      | Killed Sigmund
  5066 | D:5      | Killed Edmund
  5066 | D:5      | Reached **** piety under Trog
  5067 | D:5      | Reached XP level 8. HP: 43/46 MP: 8/8
  5140 | D:5      | Noticed Pikel
  5166 | D:5      | Killed Pikel
  5167 | D:5      | Reached skill level 4 in Maces & Flails
  5203 | D:5      | Reached skill level 5 in Maces & Flails
  5463 | D:5      | Noticed Eustachio
  5492 | D:5      | Killed Eustachio
  5493 | D:5      | Reached skill level 6 in Maces & Flails
  5493 | D:5      | Reached XP level 9. HP: 51/51 MP: 9/9
  5692 | D:6      | Reached skill level 7 in Maces & Flails
  5803 | D:6      | Found a shimmering altar of Xom.
  5902 | D:6      | Found Vimud's General Store.
  5910 | D:6      | Bought a potion of curing for 33 gold pieces
  6049 | D:6      | Reached skill level 8 in Maces & Flails
  6093 | D:6      | Noticed Prince Ribbit
  6099 | D:6      | Killed Prince Ribbit
  6223 | D:6      | Reached skill level 9 in Maces & Flails
  6621 | D:7      | Found a staircase to the Ecumenical Temple.
  6682 | D:7      | Found Xagulyma's Weapon Emporium.
  6820 | D:7      | Reached skill level 10 in Maces & Flails
  6865 | D:8      | Noticed an efreet
  6865 | D:8      | Noticed a tengu warrior
  6868 | D:8      | Noticed a catoblepas
  6870 | D:8      | Noticed a brown ugly thing
  6933 | D:7      | Reached XP level 10. HP: 56/56 MP: 10/10
  6990 | D:7      | Found Lijaluc's CLEARANCE SALE!.
  7013 | D:7      | Found a runed translucent gate.
  7014 | D:7      | Found a runed translucent gate.
  7015 | D:7      | Found a runed translucent gate.
  7016 | D:7      | Noticed Biba1Bloba's ghost (novice DDBe)
  7022 | D:7      | Identified the +5 chain mail "Teozeoc" {rElec rF+ rC+
                  | Str+3}
  7300 | Temple   | Entered the Ecumenical Temple
  7425 | D:8      | Identified the +3 scale mail of Disappointment {Str+6
                  | Slay+2}
  7608 | D:8      | Noticed a boulder beetle
  7609 | D:8      | Noticed a cyan ugly thing
  7609 | D:8      | Noticed a manticore
  7614 | D:8      | Identified the +3 morningstar "Ojaic" {vorpal, Fly}
  7633 | D:8      | Found Sixuog's Weapon Shop.
  7664 | D:8      | Reached ***** piety under Trog
  7736 | D:8      | Killed a tengu warrior
  7737 | D:8      | Reached skill level 5 in Fighting
  7737 | D:8      | Reached skill level 5 in Armour
  7754 | D:8      | Killed a manticore
  7755 | D:8      | Reached skill level 1 in Stealth
  7842 | D:8      | Noticed Erica
  7953 | D:7      | Killed Erica
  7954 | D:7      | Reached skill level 1 in Shields
  8017 | D:8      | Found Xappyam's Antique Armour Boutique.
  8313 | D:8      | Reached XP level 11. HP: 65/65 MP: 11/11
  8390 | D:8      | Killed a brown ugly thing
  8415 | D:7      | Killed a catoblepas
  8497 | D:7      | Killed a boulder beetle
  8604 | D:8      | Killed a cyan ugly thing
  8605 | D:8      | Reached skill level 5 in Shields
  8790 | D:3      | Killed Vivir's ghost
  9175 | D:7      | Killed Biba1Bloba's ghost
  9214 | D:7      | Reached skill level 11 in Maces & Flails
  9441 | D:9      | Noticed a two-headed ogre
  9449 | D:9      | Mangled by a two-headed ogre

Illustrated notes

Levels and vault maps discovered:
D:1:      dpeg_arrival_shrine, layout_loops_corners
D:2:      layout_loops_cross, basic_altar
D:3:      layout_loops_cross, gammafunk_ghost_mausoleum, serial_shops, shop,
          lightli_sewer_entry_pipes, kennysheep_orc_chapel, uniq_robin,
          uniq_jessica
D:4:      layout_basic, st_stairs_4, nicolae_wormholes
D:5:      lemuel_ice_spiral_2, layout_basic, nicolae_stop_n_shop_2, uniq_edmund,
          uniq_pikel, uniq_sigmund, uniq_eustachio
D:6:      layout_basic, xom_butterflies, serial_shops, shop, uniq_prince_ribbit1
D:7:      layout_cave_pools, minmay_temple_entry_junction_2,
          biasface_ghost_orc_armoury, serial_shops, shop, nicolae_shop_clearance
D:8:      layout_rooms, serial_shops, nicolae_lakefront_shop,
          nicolae_shop_bloodbath_and_beyond, minivault_12, uniq_erica
D:9:      layout_roguey, erik_orc_2
Temple:   dpeg_three_leaves_temple

Skill      XL: |  1  2  3  4  5  6  7  8  9 10 11 |
---------------+----------------------------------+-----
Axes           | 3 4 5 7 8 |  8.7
Maces & Flails | 6 10 11 | 11.3
Armour         | 7 8 |  8.8
Fighting       | 6 7 |  7.3
Stealth        | 1 |  1.1
Shields        | 3 5 |  5.7
Dodging        | |  1.6

Action                   |  1- 3 |  4- 6 |  7- 9 | 10-12 || total
-------------------------+-------+-------+-------+-------++-------
Melee: Hand axe          |   160 |   231 |    46 |       ||   437
       Whip              |       |       |   236 |   253 ||   489
       Morningstar       |       |       |       |   106 ||   106
Throw: Dart              |       |       |     6 |       ||     6
Invok: Berserk           |       |     1 |     1 |     2 ||     4
  Use: Scroll            |       |       |    13 |       ||    13
Armor: Animal skin       |    29 |       |       |       ||    29
       Ring mail         |    22 |   110 |    83 |    19 ||   234
       Scale mail        |       |       |       |   157 ||   157
       Chain mail        |       |       |       |    58 ||    58
Dodge: Dodged            |    91 |    97 |    89 |   112 ||   389
Block: Kite shield       |       |       |       |   125 ||   125

Table legend: (Time is in decaauts)
 A = Elapsed time spent in this place.
 B = Non-inter-level travel time spent in this place.
 C = Inter-level travel time spent in this place.
 D = Time resting spent in this place.
 E = Time spent auto-exploring this place.
 F = Levels seen in this place.
 G = Mean time per level.
                   A        B        C        D        E       F      G
               +--------+--------+--------+--------+--------+-----+--------+
         Total |   9468 |   8680 |    788 |   1077 |   4920 |  11 |  860.7 |
       Dungeon |   9148 |   8374 |    774 |   1038 |   4782 |   9 | 1016.4 |
        Temple |     79 |     65 |     14 |      0 |     55 |   1 |   79.0 |
         Sewer |    240 |    240 |      0 |     39 |     82 |   1 |  240.0 |
               +--------+--------+--------+--------+--------+-----+--------+

Top non-repeatable levels by time:
     D:1: 1601 daAuts
     D:7: 1240 daAuts
     D:2: 1162 daAuts
     D:3: 1055 daAuts
     D:6: 1022 daAuts
     D:4: 992 daAuts
     D:5: 966 daAuts
     D:8: 962 daAuts
   Sewer: 240 daAuts
     D:9: 145 daAuts
  Temple: 79 daAuts
